[Event "Team 45 45 League T35"]
[Site "Internet Chess Club"]
[Date "2007.12.08"]
[Round "8"]
[White "boffman"]
[Black "b-spot"]
[Result "0-1"]
[WhiteElo "1605"]
[BlackElo "1715"]
[Opening "English opening"]
[ECO "A20"]
[Time "07:51:13"]
[TimeControl "2700+45"]

1. c4 e5 2. g3 Nf6 3. Bg2 c6 4. e4 Bc5 5. Ne2 O-O 6. d4 exd4 7. Nxd4 Qb6 8. Be3
Qxb2 9. Nb3 Bxe3 10. fxe3 Qe5 11. N1d2 d6 12. O-O Na6 13. Nd4 Nc5 14. Qc2 Ng4
15. Rae1 Qh5 16. h3 Ne5 17. h4 Qg6 18. Nf5 Bxf5 19. exf5 Qxg3 20. Nf3 Nxf3+ 21.
Rxf3 Qxe1+ 22. Rf1 Qxe3+ 23. Kh1 Rae8 24. Qd1 Qh6 25. Qd4 Qf6 26. Qg4 Re5 27. h5
h6 28. Rf3 Rfe8 29. Rf1 Re1 30. Rxe1 Rxe1+ 31. Kh2 Qe5+ 32. Kh3 Re3+ 33. Bf3 Qc3
34. Kg2 Qb2+ 35. Kh3 Qc3 36. Kg2 Rxf3 37. Qxf3 Qxf3+ 38. Kxf3 Kf8 39. Kf4 Ke7
{White resigns} 0-1

[Event "Team 45 45 League T35"]
[Site "Internet Chess Club"]
[Date "2007.12.10"]
[Round "8"]
[White "dougmo"]
[Black "AlPearson"]
[Result "1-0"]
[WhiteElo "1565"]
[BlackElo "1422"]
[Opening "Alekhine's defense: exchange variation"]
[ECO "B03"]
[Time "13:03:19"]
[TimeControl "2700+45"]

1. e4 Nf6 2. e5 Nd5 3. d4 d6 4. c4 Nb6 5. exd6 cxd6 6. Nc3 Bf5 7. Be3 e6 8. Bd3
Qf6 9. Nge2 Nc6 10. Bxf5 Qxf5 11. Ng3 Qf6 12. b3 Be7 13. O-O O-O 14. Qd2 Rad8
15. Nce4 Qg6 16. f4 e5 17. f5 Qg4 18. f6 gxf6 19. Rxf6 Qc8 20. Bh6 Bxf6 21.
Nxf6+ Kh8 22. Bxf8 Rxf8 23. Qh6 Rg8 24. Qxh7# {Black checkmated} 1-0

[Event "Team 45 45 League T35"]
[Site "Internet Chess Club"]
[Date "2007.12.09"]
[Round "8"]
[White "Zyme"]
[Black "werty"]
[Result "0-1"]
[WhiteElo "1445"]
[BlackElo "1448"]
[Opening "King's Indian: orthodox, 7...Nbd7"]
[ECO "E94"]
[Time "08:59:19"]
[TimeControl "2700+45"]

1. d4 Nf6 2. c4 g6 3. Nc3 Bg7 4. e4 d6 5. Be2 O-O 6. Nf3 Nbd7 7. O-O e5 8. d5
Re8 9. Be3 Nf8 10. Nd2 h5 11. f3 N8h7 12. b4 Rf8 13. Qc2 Ne8 14. c5 f5 15. cxd6
cxd6 16. Rac1 f4 17. Bf2 h4 18. h3 Qg5 19. Kh1 Nhf6 20. Nb5 Nh5 21. Nc7 Bxh3 22.
Rg1 Nxc7 23. gxh3 Ng3+ 24. Bxg3 hxg3 25. Qxc7 Rf7 26. Qxd6 Bf6 27. Rc7 Be7 28.
Qe6 Kg7 29. Nc4 Rh8 30. Qxe5+ Qxe5 31. Nxe5 Rxh3+ 32. Kg2 Rh2+ 33. Kf1 Rf2+ 34.
Ke1 Bxb4+ 35. Kd1 Rxc7 36. Ng4 Ba3 37. Kd2 Rxe2+ 38. Kxe2 Rc2+ 39. Kd3 Rxa2 40.
Kd4 Bb2+ 41. Kc4 Ra6 42. Rd1 Ba3 43. Ne5 Bd6 44. Nd3 Rb6 45. e5 Bf8 46. d6 Bxd6
47. exd6 Rxd6 48. Kc5 Rd7 49. Kc4 Rc7+ 50. Kd5 Rd7+ 51. Ke6 Rd8 52. Ke5 g5 53.
Kf5 g2 54. Kxg5 Rxd3 55. Rg1 Rd2 56. Kxf4 a5 57. Ke3 Rb2 58. f4 a4 59. Kd3 a3
60. Kc3 Rf2 61. Kb4 a2 62. Kb3 Kf6 63. Kc3 Kf5 64. Kd3 Kxf4 65. Kc3 Kg3 66. Kb3
Kh2 67. Rc1 g1=Q 68. Rc7 Qg3+ 69. Kc4 Qxc7+ {White resigns} 0-1

[Event "Team 45 45 League T35"]
[Site "Internet Chess Club"]
[Date "2007.12.09"]
[Round "8"]
[White "Archdruid"]
[Black "cityprosecutor"]
[Result "0-1"]
[WhiteElo "1641"]
[BlackElo "1849"]
[Opening "Queen's pawn game"]
[ECO "A46"]
[Time "16:06:58"]
[TimeControl "2700+45"]

1. d4 Nf6 2. Nf3 c5 3. c3 cxd4 4. cxd4 d6 5. Bf4 g6 6. e3 Bg7 7. Nc3 O-O 8. h3
Qa5 9. Qd2 Nc6 10. a3 a6 11. Be2 Bf5 12. b4 Nxb4 13. O-O Nc6 14. Rfb1 Bxb1 15.
Rxb1 b5 16. e4 Rac8 17. e5 dxe5 18. dxe5 Nh5 19. Bh6 Nxe5 20. Nd5 Nxf3+ 21. Bxf3
Qxd2 22. Nxe7+ Kh8 23. Bxd2 Rc2 24. Be3 Re8 25. Nd5 Nf6 26. Nb4 Rc3 27. Nxa6
Rxa3 28. Nc7 Rb8 29. Rxb5 Rxb5 30. Nxb5 Rb3 31. Nd6 Kg8 32. Kh2 Rd3 33. Nb5 Nd5
34. Be2 Be5+ 35. g3 Rb3 36. Ba7 Rb2 37. Bc4 Nc3 38. Nxc3 Bxc3 39. Kg2 Rd2 40.
Be3 Rb2 41. Ba6 Kg7 42. Bd3 f6 43. h4 f5 44. Ba6 Kf6 45. Bd3 Ke5 46. Bc4 Bd4 47.
Bxd4+ Kxd4 48. Bg8 Rb7 49. Kf3 Ke5 50. Ke3 Ra7 51. Ke2 h6 52. f3 Rb7 53. Ke3 Rc7
54. Kd3 Ra7 55. Ke2 Kd4 56. Kf2 Rb7 57. Kg2 Ke3 58. Kf1 Rb1+ 59. Kg2 Rb2+ 60.
Kh3 Kxf3 61. Bf7 Rb1 62. Kh2 Rb6 63. h5 g5 64. Bd5+ Kg4 65. Bf7 Rb2+ 66. Kg1
Kxg3 67. Kf1 f4 68. Bg6 f3 69. Bf5 Ra2 70. Ke1 f2+ 71. Kf1 Ra1+ {White resigns}
0-1

[Event "Team 45 45 League T35"]
[Site "Internet Chess Club"]
[Date "2007.12.08"]
[Round "8"]
[White "mickeys"]
[Black "OOB1"]
[Result "1-0"]
[WhiteElo "1686"]
[BlackElo "1556"]
[Opening "Queen's pawn game, Chigorin variation"]
[ECO "D02"]
[Time "19:14:34"]
[TimeControl "2700+45"]

1. d4 d5 2. Nf3 Nc6 3. c4 Nf6 4. cxd5 Nxd5 5. e4 Nf6 6. d5 Nb8 7. Nc3 c6 8. Be3
e6 9. dxe6 Qxd1+ 10. Rxd1 Bxe6 11. Ng5 Bb4 12. Nxe6 Bxc3+ 13. bxc3 fxe6 14. f3
O-O 15. Bc4 Re8 16. Rd6 Kf7 17. Kf2 a5 18. a4 Na6 19. Rb1 Re7 20. Rxe6 Rxe6 21.
Rxb7+ Kf8 22. Bxe6 Rb8 23. Rxb8+ Nxb8 24. Bb6 Ke7 25. Bc4 Nbd7 26. Bxa5 Nc5 27.
Bb4 Kd6 28. e5+ Kxe5 29. Bxc5 Nd7 30. Bd4+ Kf5 31. a5 c5 32. Bb5 cxd4 33. Bxd7+
Ke5 34. cxd4+ Kxd4 35. a6 Kd5 36. a7 Kd6 37. Bf5 Ke5 38. Be4 {Black resigns} 1-0

[Event "Team 45 45 League T35"]
[Site "Internet Chess Club"]
[Date "2007.12.07"]
[Round "8"]
[White "keisher415"]
[Black "IronWill"]
[Result "1-0"]
[WhiteElo "1755"]
[BlackElo "1519"]
[Opening "Bird's opening: Lasker variation"]
[ECO "A03"]
[Time "18:03:01"]
[TimeControl "2700+45"]

1. f4 d5 2. e3 Nf6 3. Nf3 c5 4. b3 Bg4 5. Be2 Nbd7 6. O-O e6 7. Bb2 Bd6 8. Ne5
Bxe2 9. Qxe2 O-O 10. d3 Qc7 11. Nxd7 Nxd7 12. Nd2 e5 13. e4 Rae8 14. f5 d4 15.
Rf3 Be7 16. Rg3 Bh4 17. Rg4 Qd8 18. Nf3 Bf6 19. a4 h5 20. Rg3 Bh4 21. Nxh4 Qxh4
22. Bc1 f6 23. Rg6 Rf7 24. Qf1 Nf8 25. g3 Nxg6 26. gxh4 Nxh4 27. Kh1 g6 28. fxg6
Nxg6 29. Qf5 Kg7 30. Bd2 {Black resigns} 1-0

[Event "Team 45 45 League T35"]
[Site "Internet Chess Club"]
[Date "2007.12.09"]
[Round "8"]
[White "Russ"]
[Black "stpatzer"]
[Result "1/2-1/2"]
[WhiteElo "1261"]
[BlackElo "1423"]
[Opening "QGD: exchange, positional line"]
[ECO "D35"]
[Time "07:00:51"]
[TimeControl "2700+45"]

1. d4 d5 2. c4 e6 3. Nc3 Nf6 4. cxd5 exd5 5. Bg5 Be7 6. e3 c6 7. Bd3 Be6 8. Qc2
h6 9. Bh4 O-O 10. Nge2 Bd6 11. e4 dxe4 12. Nxe4 Be7 13. Nxf6+ Bxf6 14. Bxf6 Qxf6
15. O-O Nd7 16. Bh7+ Kh8 17. Be4 Rad8 18. Qa4 a6 19. Qb4 Rb8 20. b3 Rfe8 21.
Rfe1 Qh4 22. Ng3 Nf6 23. Bf5 Bxf5 24. Nxf5 Rxe1+ 25. Rxe1 Nd5 26. Qd2 Qf6 27.
Ng3 Rd8 28. Ne4 {Game drawn by mutual agreement} 1/2-1/2

[Event "Team 45 45 League T35"]
[Site "Internet Chess Club"]
[Date "2007.12.10"]
[Round "8"]
[White "jazzyrick"]
[Black "Qualm"]
[Result "0-1"]
[WhiteElo "1563"]
[BlackElo "1688"]
[Opening "Scotch game"]
[ECO "C45"]
[Time "13:57:12"]
[TimeControl "2700+45"]

1. e4 e5 2. Nf3 Nc6 3. d4 exd4 4. Nxd4 Bc5 5. Be3 Qf6 6. c3 Nge7 7. Bc4 a6 8. a3
Ne5 9. Ba2 d6 10. O-O Qg6 11. Kh1 Qxe4 12. Qe2 O-O 13. f3 Qg6 14. Nd2 Ba7 15.
Ne4 Nf5 16. Nxf5 Bxf5 17. Bxa7 Bxe4 18. fxe4 Rxa7 19. Rf5 Raa8 20. Raf1 Kh8 21.
Qe3 b6 22. Qf4 f6 23. h4 Qe8 24. g4 Ng6 25. Qg3 Qxe4+ 26. Kh2 Rae8 27. h5 Ne5
28. g5 Qe2+ 29. Kh3 Qxh5+ 30. Kg2 Qe2+ 31. R1f2 Qe4+ 32. Kf1 Qh1+ 33. Qg1 Qxg1+
34. Kxg1 Nd7 35. Rh2 fxg5 36. Bf7 Re5 37. Rf3 Nf6 38. Bg6 Re1+ 39. Kg2 Re2+
{White resigns} 0-1

[Event "Team 45 45 League T35"]
[Site "Internet Chess Club"]
[Date "2007.12.10"]
[Round "8"]
[White "budugu"]
[Black "Ziah"]
[Result "0-1"]
[WhiteElo "1537"]
[BlackElo "1720"]
[Opening "Sicilian: Najdorf, 6...e6"]
[ECO "B95"]
[Time "01:02:28"]
[TimeControl "2700+45"]

1. e4 c5 2. Nf3 d6 3. d4 cxd4 4. Nxd4 Nf6 5. Nc3 a6 6. Bg5 e6 7. Qd2 Be7 8. f3
h6 9. Be3 Qc7 10. O-O-O Nbd7 11. Be2 b5 12. Bd3 Bb7 13. g4 Ne5 14. g5 hxg5 15.
Bxg5 Nxd3+ 16. Qxd3 d5 17. Bxf6 Bxf6 18. h3 dxe4 19. fxe4 Rd8 20. Qe3 Qc5 21.
Nce2 Bg5 22. Nf4 e5 23. Nf5 Bxf4 24. Rxd8+ Kxd8 25. Rd1+ Kc7 {White resigns} 0-1

[Event "Team 45 45 League T35"]
[Site "Internet Chess Club"]
[Date "2007.12.08"]
[Round "8"]
[White "jacknor"]
[Black "civilization"]
[Result "1-0"]
[WhiteElo "1671"]
[BlackElo "1509"]
[Opening "King's Indian: London system"]
[ECO "A48"]
[Time "12:58:10"]
[TimeControl "2700+45"]

1. d4 Nf6 2. Nf3 g6 3. Bf4 Bg7 4. Nc3 O-O 5. Qd2 d6 6. O-O-O Bf5 7. Bh6 Ng4 8.
Bxg7 Kxg7 9. e4 Bd7 10. h3 Nf6 11. g4 Bc6 12. d5 Bd7 13. Be2 c6 14. g5 Ne8 15.
h4 Nc7 16. h5 Nba6 17. Qd4+ Kg8 18. hxg6 fxg6 19. Rxh7 Kxh7 20. Rh1+ Kg8 21.
Qh8+ Kf7 22. Qh7+ Ke8 23. Qxg6+ Rf7 24. Rh8# {Black checkmated} 1-0

[Event "Team 45 45 League T35"]
[Site "Internet Chess Club"]
[Date "2007.12.10"]
[Round "8"]
[White "lmadueno"]
[Black "Chessadelic"]
[Result "0-1"]
[WhiteElo "1641"]
[BlackElo "1639"]
[Opening "Sicilian defense"]
[ECO "B30"]
[Time "09:13:26"]
[TimeControl "2700+45"]

1. e4 c5 2. Nf3 Nc6 3. c3 d5 4. exd5 Qxd5 5. Be2 e5 6. c4 Qd7 7. Nc3 Nf6 8. O-O
Be7 9. d3 O-O 10. Qc2 Qc7 11. Nb5 Qb6 12. Be3 Bf5 13. a3 a6 14. Nc3 Nd4 15. Qd1
Qc7 16. b4 Rad8 17. Nh4 Nxe2+ 18. Nxe2 Bxd3 19. Re1 Ng4 20. Bxc5 Bxc5 21. bxc5
Qxc5 22. Rc1 Qxf2+ 23. Kh1 Qxh4 24. Ng3 {White resigns} 0-1

[Event "Team 45 45 League T35"]
[Site "Internet Chess Club"]
[Date "2007.12.06"]
[Round "8"]
[White "lw"]
[Black "nathesh"]
[Result "0-1"]
[WhiteElo "1574"]
[BlackElo "1465"]
[Opening "Giuoco Pianissimo: Italian four knights variation"]
[ECO "C50"]
[Time "18:06:24"]
[TimeControl "2700+45"]

1. e4 e5 2. Bc4 Nc6 3. Nf3 Bc5 4. Nc3 Nf6 5. d3 h6 6. O-O O-O 7. Be3 Bb6 8. Qd2
Ng4 9. Nd5 Nxe3 10. Nxb6 Nxf1 11. Kxf1 axb6 12. a3 d6 13. h3 Be6 14. Bxe6 fxe6
15. Nh2 Qg5 16. Qxg5 hxg5 17. c3 d5 18. Ng4 Rad8 19. Ke2 Rd7 20. b4 b5 21. f3
Kh7 22. a4 dxe4 23. fxe4 Na7 24. Nxe5 Rd6 25. a5 Nc6 26. Nf3 Ne7 27. Nxg5+ Kh6
28. Nf3 Ng6 29. Ke3 Nf4 30. g4 Rxd3+ 31. Kf2 Nxh3+ 32. Kg2 Rfxf3 33. Rh1 Rf2#
{White checkmated} 0-1

[Event "Team 45 45 League T35"]
[Site "Internet Chess Club"]
[Date "2007.12.07"]
[Round "8"]
[White "littleboo"]
[Black "Mutaant"]
[Result "1-0"]
[WhiteElo "1453"]
[BlackElo "1417"]
[Opening "Three knights game"]
[ECO "C46"]
[Time "20:59:05"]
[TimeControl "2700+45"]

1. e4 e5 2. Nf3 Nc6 3. Nc3 Bc5 4. Bc4 d6 5. d3 h6 6. Be3 Bxe3 7. fxe3 Na5 8. Bb3
Bg4 9. d4 Ne7 10. Ba4+ c6 11. h3 Bxf3 12. Qxf3 Qb6 13. O-O-O O-O 14. Rhg1 c5 15.
dxe5 dxe5 16. Rd7 Qe6 17. Rgd1 a6 18. R1d6 Qc4 19. Rxe7 b5 20. Bb3 Nxb3+ 21.
axb3 Qb4 22. Rdd7 c4 23. Rxf7 Kh8 24. Rde7 Qxe7 25. Rxe7 Rxf3 26. gxf3 cxb3 27.
cxb3 Rf8 28. h4 Rxf3 29. Re8+ Kh7 30. Rxe5 Rxe3 31. Kd2 Rh3 32. h5 b4 33. Na2
Rxb3 34. Kc2 Rh3 35. Nxb4 g5 36. hxg6+ Kxg6 37. Nxa6 Kf6 38. Rf5+ Kg6 39. Rf2
Re3 40. Nc5 h5 41. Kd2 Rg3 42. Re2 h4 43. b4 h3 44. Re1 h2 45. Rh1 Rg2+ 46. Kd3
Kg5 47. b5 Kf4 48. Kd4 Rd2+ 49. Kc3 Rg2 50. b6 Rg3+ 51. Kc4 Rh3 52. Kd4 Kg3 53.
e5 Kg2 54. Rb1 Rh4+ 55. Kd5 h1=Q 56. Rxh1 Rxh1 57. e6 Rd1+ 58. Kc6 Kf3 59. e7
Re1 60. b7 Rxe7 61. b8=Q Re3 62. Qb5 Kf2 63. Kd5 Kf3 64. Qf1+ Kg4 65. Ne6 Rf3
66. Qg2+ Rg3 67. Qe4+ Kh3 68. Qf5+ Kh2 69. Qh5+ Kg2 70. Nf4+ Kg1 71. Qd1+ Kh2
72. Qd2+ Kh1 73. Qe1+ Kh2 74. Qf2+ {Black resigns} 1-0

[Event "Team 45 45 League T35"]
[Site "Internet Chess Club"]
[Date "2007.12.10"]
[Round "8"]
[White "thalamus"]
[Black "Cataclysm"]
[Result "1-0"]
[WhiteElo "1462"]
[BlackElo "1313"]
[Opening "French: Alapin variation"]
[ECO "C01"]
[Time "18:01:49"]
[TimeControl "2700+45"]

1. e4 e6 2. d4 d5 3. Be3 dxe4 4. Nd2 Nf6 5. f3 e5 6. dxe5 Nd5 7. Qe2 Nxe3 8.
Qxe3 exf3 9. Ngxf3 Qe7 10. Bc4 Bf5 11. O-O-O h6 12. h3 Nd7 13. Rhe1 Be6 14. Nd4
Bxc4 15. Nxc4 Qg5 16. Qxg5 hxg5 17. e6 fxe6 18. Nxe6 Kf7 19. Rxd7+ Kg8 20. Rf1
Re8 21. Nxg5 Rh5 22. Nf7 Re2 23. Rd2 Rxd2 24. Nxd2 b5 25. Rf3 c5 26. g4 Rd5 27.
Ne4 Be7 28. b3 Rd7 29. Ne5 Bg5+ 30. Nxg5 c4 31. bxc4 Re7 32. Rd3 g6 33. Nxg6
Re1+ 34. Kd2 Re8 35. Rd7 bxc4 36. Rxa7 Rb8 37. Ne7+ Kg7 38. Nc6+ Kg6 39. Nxb8
Kxg5 40. Ra4 Kh4 41. g5 Kxg5 42. Rxc4 {Black resigns} 1-0

[Event "Team 45 45 League T35"]
[Site "Internet Chess Club"]
[Date "2007.12.10"]
[Round "8"]
[White "JimGaming"]
[Black "moreffee"]
[Result "1-0"]
[WhiteElo "1303"]
[BlackElo "1423"]
[Opening "Sicilian: closed"]
[ECO "B23"]
[Time "14:08:13"]
[TimeControl "2700+45"]

1. e4 c5 2. Nc3 e6 3. f4 Nf6 4. Nf3 a6 5. d4 cxd4 6. Nxd4 Bb4 7. Bd3 Qc7 8. Bd2
Nc6 9. Nxc6 Qxc6 10. Qe2 O-O 11. O-O-O d6 12. g4 e5 13. f5 Bd7 14. g5 Ne8 15.
Nd5 Kh8 16. Bxb4 Nc7 17. Ne7 Qa4 18. a3 Bb5 19. b3 Bxd3 20. Rxd3 Qb5 21. c4 Qe8
22. f6 g6 23. Bxd6 Ne6 24. Bxe5 Nxg5 25. h4 Ne6 26. h5 Nc5 27. hxg6 Nxd3+ 28.
Qxd3 Qxe7 29. g7+ Kg8 30. fxe7 Rfe8 31. Bf6 Rac8 32. e5 Rc6 33. Qxh7# {Black
checkmated} 1-0

[Event "Team 45 45 League T35"]
[Site "Internet Chess Club"]
[Date "2007.12.06"]
[Round "8"]
[White "NineteenHockey"]
[Black "tmac63"]
[Result "1-0"]
[WhiteElo "1047"]
[BlackElo "1045"]
[Opening "Sicilian"]
[ECO "B50"]
[Time "19:36:44"]
[TimeControl "2700+45"]

1. e4 c5 2. Nf3 d6 3. Nc3 e6 4. Be2 Nf6 5. O-O Be7 6. d4 cxd4 7. Nxd4 Nc6 8. Nf3
O-O 9. Re1 a6 10. b3 Bd7 11. Bb2 b5 12. a3 Ne5 13. Nxe5 dxe5 14. Na2 Qc7 15. Bf3
Rad8 16. Qe2 Bc5 17. Nb4 Qb6 18. Nd3 b4 19. Nxc5 Qxc5 20. axb4 Bb5 21. bxc5 Bxe2
22. Rxe2 Rc8 23. Bxe5 Rxc5 24. Bxf6 gxf6 25. Rxa6 f5 26. exf5 Rxf5 27. Ra8 Kg7
28. Rxf8 Kxf8 29. Be4 Ra5 30. g3 Ra1+ 31. Kg2 f5 32. Bd3 Kf7 33. Bc4 Rc1 34.
Bxe6+ Kf6 35. Bc4 h6 36. Re6+ Kg5 37. h4+ Kg4 38. Be2# {Black checkmated} 1-0

[Event "Team 45 45 League T35"]
[Site "Internet Chess Club"]
[Date "2007.12.09"]
[Round "8"]
[White "nathesh"]
[Black "Lionskins"]
[Result "1/2-1/2"]
[WhiteElo "1470"]
[BlackElo "1564"]
[Opening "Old Benoni defense"]
[ECO "A43"]
[Time "21:02:21"]
[TimeControl "2700+45"]

1. d4 c5 2. e3 cxd4 3. exd4 Nf6 4. f4 e6 5. Nf3 Nc6 6. c3 h6 7. Bd3 Rg8 8. O-O
Nd5 9. Ne5 Nxe5 10. fxe5 Qe7 11. Qf3 b6 12. Nd2 d6 13. Ne4 Qc7 14. c4 dxe5 15.
cxd5 exd5 16. Bb5+ Kd8 17. Nc3 e4 18. Qxf7 Qxf7 19. Rxf7 Be6 20. Bc6 Rc8 21. Bb7
Bxf7 22. Bxc8 Kxc8 23. Bf4 a6 24. Rc1 Kd7 25. Na4 b5 26. Nb6+ Ke6 27. Rc6+ Kf5
28. Be3 Be8 29. Rc1 Ke6 30. Rc8 Bb4 31. Ra8 Ba5 32. Rxa6 Bxb6 33. Rxb6+ Ke7 34.
Rb7+ Bd7 35. Bd2 Ra8 36. Bb4+ Ke8 37. a3 Rc8 38. Bf8 Kxf8 39. Rxd7 Rc1+ 40. Kf2
Rc2+ 41. Kg3 Rxb2 42. Rxd5 Rb3+ 43. Kf4 e3 44. Re5 Rxa3 45. Rxe3 Rxe3 46. Kxe3
Ke7 47. Kd3 Kd6 48. Kd2 Kd5 49. Kc3 g5 50. g3 h5 51. h4 gxh4 52. gxh4 b4+ 53.
Kb3 Kxd4 54. Kxb4 Ke4 55. Kc4 Kf4 56. Kd4 Kg4 57. Ke4 Kxh4 58. Kf3 Kg5 59. Kg3
h4+ 60. Kg2 Kg4 61. Kg1 Kg3 62. Kh1 h3 63. Kg1 {Game drawn by mutual agreement}
1/2-1/2

[Event "Team 45 45 League T35"]
[Site "Internet Chess Club"]
[Date "2007.12.09"]
[Round "8"]
[White "Riddari"]
[Black "sra66"]
[Result "0-1"]
[WhiteElo "1324"]
[BlackElo "1398"]
[Opening "Ruy Lopez: 5.O-O"]
[ECO "C78"]
[Time "12:08:17"]
[TimeControl "2700+45"]

1. e4 e5 2. Nf3 Nc6 3. Bb5 a6 4. Ba4 Nf6 5. O-O b5 6. Bb3 Bc5 7. c3 d6 8. Re1
Bg4 9. h3 Bh5 10. d3 O-O 11. Nbd2 d5 12. g4 Bg6 13. g5 dxe4 14. gxf6 Qxf6 15.
Nxe4 Bxe4 16. Rxe4 Rad8 17. Bg5 Qg6 18. Nh4 Qxg5+ 19. Ng2 Kh8 20. Qf3 f5 21. Re2
e4 22. dxe4 fxe4 23. Qxe4 Ne5 24. h4 Qg3 25. Rf1 Nf3+ 26. Kh1 Qh3# {White
checkmated} 0-1

[Event "Team 45 45 League T35"]
[Site "Internet Chess Club"]
[Date "2007.12.08"]
[Round "8"]
[White "slakkjaw"]
[Black "otib2006"]
[Result "1-0"]
[WhiteElo "1379"]
[BlackElo "1275"]
[Opening "Sicilian"]
[ECO "B53"]
[Time "12:12:09"]
[TimeControl "2700+45"]

1. e4 c5 2. Nf3 d6 3. d4 cxd4 4. Bd3 Nf6 5. Nbd2 g6 6. O-O Bg7 7. b3 O-O 8. Bb2
Nc6 9. c3 dxc3 10. Bxc3 d5 11. exd5 Qxd5 12. Bc4 Qc5 13. Rb1 b5 14. b4 Qb6 15.
Nb3 Bf5 16. Bd3 Rfd8 17. Nc1 Nd5 18. Bxg7 Kxg7 19. Bxf5 Nc3 20. Qc2 Nxb1 21.
Qb2+ f6 22. Bxb1 Nd4 23. Be4 Nxf3+ 24. Bxf3 Rac8 25. Ne2 Qd6 26. Nc3 Qd2 27.
Qxd2 Rxd2 28. Nxb5 Rxa2 29. g3 Rb8 30. Nc7 Rxb4 31. Nd5 Rb3 32. Kg2 a5 33. Nxe7
a4 34. Bd5 Rc2 35. Bxb3 axb3 36. Nd5 Kf7 37. Nb4 Rc4 38. Nd3 Rc3 39. Rd1 Ke6 40.
Kf3 g5 41. Ke4 f5+ 42. Kd4 Rc2 43. Nc5+ Kf6 44. Nxb3 Rxf2 45. Rd2 Rf3 46. Nc5 f4
47. Rd3 Rf2 48. Ne4+ Kf5 49. Nxf2 fxg3 50. hxg3 h5 51. Ke3 Ke5 52. Ra3 Kf5 53.
Ra5+ Kg6 54. g4 h4 55. Nh3 Kf6 56. Rxg5 Ke6 57. Ke4 Kf6 58. Rh5 Kg6 59. Rxh4 Kg7
60. g5 Kg6 61. Rg4 Kg7 62. g6 Kg8 63. g7 Kf7 64. g8=Q+ Ke7 65. Rg6 Kd7 66. Qf7+
Kc8 67. Rg8# {Black checkmated} 1-0

[Event "Team 45 45 League T35"]
[Site "Internet Chess Club"]
[Date "2007.12.07"]
[Round "8"]
[White "gilalva"]
[Black "JoshK"]
[Result "0-1"]
[WhiteElo "1076"]
[BlackElo "1490"]
[Opening "Sicilian: Grand Prix attack"]
[ECO "B21"]
[Time "09:06:00"]
[TimeControl "2700+45"]

1. e4 c5 2. f4 Nc6 3. Nf3 d6 4. Bc4 g6 5. d4 cxd4 6. Nxd4 Bg7 7. Nf3 Qb6 8. Nc3
e6 9. Na4 Qb4+ 10. c3 Qxc4 11. e5 Qe4+ 12. Kf2 dxe5 13. Re1 Qd5 14. Qxd5 exd5
15. fxe5 Be6 16. Bg5 Nh6 17. Bf6 Ng4+ 18. Kg1 Nxf6 19. exf6 Bxf6 20. Nc5 Nd8 21.
Rad1 O-O 22. h4 h6 23. g3 b6 24. Nxe6 fxe6 25. g4 Bxc3 26. bxc3 Rxf3 27. Kg2
Rxc3 28. Re5 Kf7 29. Rf1+ Ke7 30. g5 hxg5 31. Rxg5 Rc2+ 32. Kg3 Rxa2 33. Rxg6 d4
34. h5 Ra3+ 35. Kg4 d3 36. Rg7+ Kd6 37. Rf8 d2 38. Rg6 d1=Q+ 39. Kg5 Rg3+ {White
resigns} 0-1

[Event "Team 45 45 League T35"]
[Site "Internet Chess Club"]
[Date "2007.12.07"]
[Round "8"]
[White "ranaamasonika"]
[Black "Checkmates"]
[Result "1/2-1/2"]
[WhiteElo "2209"]
[BlackElo "2408"]
[Opening "Sicilian defense"]
[ECO "B40"]
[Time "14:00:45"]
[TimeControl "2700+45"]

1. e4 c5 2. Nf3 e6 3. d3 Nc6 4. g3 g6 5. Bg2 Bg7 6. O-O Nge7 7. Nbd2 O-O 8. Re1
d6 9. c3 b5 10. Nf1 b4 11. Qc2 bxc3 12. bxc3 Nb4 13. Qd2 Ba6 14. d4 Nd3 15. Rd1
Qa5 16. Ne3 Nc6 17. Bf1 cxd4 18. cxd4 Qxd2 19. Rxd2 Nxd4 20. Nxd4 Bxd4 21. Rb1
Bxe3 22. fxe3 Nc5 23. Bxa6 Nxa6 24. Rxd6 Nc5 25. Rd4 Rfd8 26. Rc4 Rd1+ 27. Kf2
Nxe4+ 28. Rxe4 Rc8 29. Ra4 f5 30. Rb2 Rdxc1 31. Rxa7 R8c2+ 32. Rxc2 Rxc2+ 33.
Kg1 Re2 34. Ra3 Kg7 35. h4 Kf6 36. Kf1 Rb2 37. Ra5 h6 38. a3 Ra2 39. Ra4 Ke5 40.
g4 g5 41. hxg5 hxg5 42. gxf5 exf5 43. Ke1 Kf6 44. Ra6+ Ke5 45. Ra4 g4 46. Kf1
Kf6 47. Ra5 Rb2 48. Ke1 Ra2 49. Kf1 Kg6 50. Ke1 g3 51. Kf1 Rf2+ 52. Kg1 Re2 53.
Re5 Kf6 54. Re8 Kg5 55. Kf1 Rf2+ 56. Kg1 Kg4 57. Rg8+ Kf3 58. Rg5 Rg2+ 59. Kf1
Ra2 60. Rxf5+ Kxe3 61. Rf8 Rxa3 62. Kg2 Ke4 63. Rf7 Ke5 64. Rf3 Rxf3 65. Kxf3 g2
66. Kxg2 {Game drawn because neither player has mating material} 1/2-1/2

[Event "Team 45 45 League T35"]
[Site "Internet Chess Club"]
[Date "2007.12.07"]
[Round "8"]
[White "BigNEazy"]
[Black "Gokhtra"]
[Result "0-1"]
[WhiteElo "2261"]
[BlackElo "2228"]
[Opening "QGD: Orthodox defense, Rubinstein variation"]
[ECO "D61"]
[Time "15:31:08"]
[TimeControl "2700+45"]

1. d4 d5 2. Nf3 e6 3. c4 Nf6 4. Nc3 Be7 5. Qc2 O-O 6. Bg5 Nbd7 7. e3 b6 8. cxd5
exd5 9. Bd3 Bb7 10. O-O Re8 11. Rac1 c5 12. Bf4 c4 13. Bf5 g6 14. Bh3 Bc6 15.
Ne5 Nxe5 16. dxe5 Nh5 17. Ne2 Bc5 18. Rfd1 g5 19. Qf5 h6 20. Bg3 Ng7 21. Qf3 h5
22. e6 fxe6 23. Be5 g4 24. Bxg4 hxg4 25. Qxg4 Qe7 26. Nf4 Bd6 27. Ng6 Qc7 28.
Bxd6 Qxd6 29. Rxc4 e5 30. Qg3 Bb5 31. Rg4 Be2 {White resigns} 0-1

[Event "Team 45 45 League T35"]
[Site "Internet Chess Club"]
[Date "2007.12.09"]
[Round "8"]
[White "tini3blas"]
[Black "jorobo"]
[Result "1-0"]
[WhiteElo "2176"]
[BlackElo "2116"]
[Opening "Polish (Sokolsky) opening"]
[ECO "A00"]
[Time "00:58:47"]
[TimeControl "2700+45"]

1. b4 e5 2. Bb2 Bxb4 3. Bxe5 Nf6 4. Nf3 O-O 5. e3 Re8 6. Nc3 Be7 7. Be2 Nc6 8.
Bg3 a6 9. O-O d5 10. Ne5 Bd7 11. Bf3 Nxe5 12. Bxe5 Bc6 13. Ne2 Nd7 14. Bg3 Bf6
15. Rb1 Ne5 16. Bxe5 Bxe5 17. d4 Bd6 18. c4 Re6 19. Bxd5 Rh6 20. h3 Bxd5 21.
cxd5 Qg5 22. e4 Rxh3 23. e5 Be7 24. Qc1 Ra3 25. Rxb7 Rxa2 26. Qc4 Qd2 27. Qxc7
Qxe2 28. Qxe7 Rf8 29. d6 Rd2 30. Qxf8+ Kxf8 31. Rb8# {Black checkmated} 1-0